Map: Beckett Industries LE

Players

Arca

  • Race: Protoss Protoss

Random - Winner!

  • Race: Zerg Zerg
  • League: Platinum

VOD

Have the link to the VOD?

Description

Time

  • Played on: Sept. 12, 2021, 7:15 p.m.
  • Length: 14:22
Show
View Real Time Build Order
Export as new Build Order

Arca Protoss 

Build Orders:  

Get SALT Encoding   

  12  0:02  Probe  
  13  0:14  Probe  
  14  0:21  Pylon  
  14  0:29  Probe  
  15  0:44  Gateway  
  15  0:49  Probe (Chrono Boost)  
  16  0:56  Assimilator  
  16  1:00  Probe (Chrono Boost)  
  17  1:05  Probe (Chrono Boost)  
  18  1:15  Probe  
  19  1:27  Probe  
  20  1:39  Probe  
  21  1:41  Cybernetics Core  
  21  1:51  Probe  
  21  1:52  Nexus  
  22  2:00  Pylon  
  22  2:06  Assimilator, Probe  
  23  2:17  Stalker (Chrono Boost)  
  23  2:18  Probe  
  26  2:47  Stargate  
  26  2:54  Pylon  
  26  2:55  Probe (Chrono Boost)  
  27  3:05  Probe (Chrono Boost)  
  27  3:08  Probe (Chrono Boost)  
  29  3:13  Stalker  
  29  3:15  Probe (Chrono Boost)  
  29  3:16  Probe (Chrono Boost)  
  33  3:20  Probe (Chrono Boost)  
  33  3:21  Probe  
  35  3:27  Shield Battery  
  35  3:29  Shield Battery  
  35  3:32  Probe  
  35  3:33  Probe  
  34  3:36  Void Ray (Chrono Boost)  
  32  3:44  Probe  
  28  4:45  Forge  
  23  5:14  Probe  
  23  5:15  Probe  
  23  5:20  Void Ray (Chrono Boost)  
  25  5:26  Probe  
  25  5:27  Probe  
  29  5:37  Pylon  
  29  5:38  Probe  
  29  5:39  Probe  
  29  6:01  Void Ray (Chrono Boost)  
  33  6:24  Nexus, Probe  
  34  6:26  Pylon  
  34  6:36  Probe  
  34  6:38  Pylon  
  31  6:48  Probe (Chrono Boost)  
  31  6:51  Probe (Chrono Boost)  
  32  6:58  Probe (Chrono Boost)  
  34  7:01  Probe (Chrono Boost)  
  34  7:03  Pylon, Probe (Chrono Boost)  
  34  7:05  Assimilator  
  35  7:11  Probe  
  35  7:15  Probe  
  37  7:23  Probe  
  37  7:27  Probe  
  39  7:35  Probe, Photon Cannon  
  39  7:39  Probe  
  39  7:41  Photon Cannon  
  40  7:47  Probe  
  41  7:52  Probe (Chrono Boost)  
  41  7:56  Probe (Chrono Boost)  
  42  8:05  Probe (Chrono Boost)  
  44  8:07  Probe (Chrono Boost)  
  44  8:09  Probe (Chrono Boost), Void Ray  
  44  8:12  Probe (Chrono Boost)  
  46  8:13  Probe (Chrono Boost)  
  46  8:15  Probe  
  52  8:22  Probe  
  52  8:23  Probe  
  54  8:27  Probe  
  55  8:39  Stargate  
  55  8:40  Probe (Chrono Boost)  
  56  8:47  Probe (Chrono Boost)  
  57  8:50  Probe (Chrono Boost)  
  57  8:55  Assimilator  
  59  8:57  Probe (Chrono Boost)  
  59  8:58  Pylon  
  59  8:59  Probe (Chrono Boost)  
  59  9:00  Probe (Chrono Boost)  
  61  9:04  Probe x2 (Chrono Boost)  
  61  9:07  Void Ray  
  61  9:08  Probe  
  64  9:16  Probe x2, Protoss Air Weapons Level 1 (Chrono Boost)  
  70  9:20  Probe  
  71  9:28  Probe x2  
  71  9:31  Assimilator  
  73  9:33  Probe  
  74  9:40  Probe x2 (Chrono Boost)  
  74  9:41  Shield Battery  
  74  9:44  Shield Battery  
  77  9:46  Probe (Chrono Boost)  
  77  9:47  Pylon  
  77  9:52  Probe (Chrono Boost)  
  79  9:54  Probe (Chrono Boost)  
  79  9:58  Probe (Chrono Boost)  
  80  10:01  Probe x2 (Chrono Boost)  
  80  10:03  Probe (Chrono Boost)  
  80  10:06  Probe, Fleet Beacon  
  80  10:07  Probe  
  83  10:09  Pylon  
  83  10:11  Probe  
  86  10:18  Probe  
  86  10:19  Probe  
  88  10:21  Assimilator  
  88  10:23  Probe  
  88  10:26  Phoenix (Chrono Boost)  
  92  10:35  Probe  
  92  10:42  Void Ray (Chrono Boost)  
  92  10:47  Probe, Void Ray (Chrono Boost)  
  101  10:54  Stargate  
  101  10:59  Probe  
  102  11:06  Void Ray  
  104  11:31  Robotics Facility  
  104  11:43  Nexus  
  104  11:45  Pylon  
  104  11:48  Pylon  
  104  11:58  Void Ray x2  
  104  12:08  Carrier  
  100  12:41  Carrier  
  102  13:28  Observer (Chrono Boost)  
  115  13:42  Immortal (Chrono Boost)  
  125  14:12  Robotics Bay  
Show
View Real Time Build Order
Export as new Build Order

Random Zerg - Winner!

Build Orders: Pool First, Roach Nydus 

Get SALT Encoding   

  12  0:01  Drone  
  13  0:08  Drone  
  14  0:18  Extractor, Drone  
  14  0:34  Spawning Pool  
  13  0:36  Drone  
  14  0:47  Overlord  
  14  1:09  Drone  
  14  1:10  Drone x2  
  17  1:22  Lair  
  17  1:25  Extractor  
  16  1:38  Zergling x2, Roach Warren  
  16  1:43  Drone  
  17  1:48  Drone  
  18  1:57  Drone  
  19  2:06  Overlord  
  19  2:18  Roach  
  21  2:27  Nydus Network  
  20  2:36  Burrow  
  20  2:43  Roach  
  22  2:50  Roach  
  24  2:56  Roach  
  26  3:04  Nydus Canal  
  26  3:27  Spine Crawler  
  25  3:29  Spine Crawler  
  25  3:30  Roach x2  
  28  3:43  Drone x2  
  30  3:53  Roach  
  28  4:08  Roach x2  
  28  4:17  Queen  
  28  4:19  Roach x2  
  28  4:23  Hatchery  
  28  4:24  Drone x3  
  30  4:32  Roach x2  
  30  4:41  Overlord  
  30  4:43  Roach x2  
  30  4:48  Spore Crawler  
  30  4:49  Roach x2  
  29  4:58  Queen  
  31  5:05  Roach x2  
  31  5:10  Drone x3  
  32  5:28  Roach x2  
  32  5:32  Drone  
  32  5:34  Queen  
  35  5:36  Roach  
  35  5:38  Queen  
  37  5:45  Roach, Spore Crawler  
  36  5:50  Drone  
  36  5:51  Drone x4  
  41  6:00  Drone x3  
  44  6:13  Roach x2  
  44  6:20  Overlord  
  44  6:21  Overlord  
  44  6:26  Evolution Chamber  
  43  6:38  Queen  
  45  6:40  Drone x6, Overlord  
  51  6:50  Queen  
  53  7:03  Zerg Missile Weapons Level 1  
  53  7:05  Hatchery  
  53  7:07  Drone  
  53  7:08  Roach, Drone x3  
  56  7:13  Roach x2  
  56  7:19  Roach  
  56  7:21  Spore Crawler  
  55  7:24  Roach x2  
  55  7:31  Drone x2  
  55  7:32  Drone  
  58  7:40  Drone x2  
  60  7:47  Drone x3  
  60  7:48  Drone x4  
  65  7:52  Queen  
  65  7:53  Roach  
  65  7:54  Overlord x2  
  67  8:00  Queen  
  67  8:01  Hydralisk Den  
  68  8:07  Overlord  
  68  8:08  Overlord  
  66  8:15  Spore Crawler  
  66  8:18  Roach  
  66  8:19  Roach x4  
  73  8:26  Extractor x2  
  71  8:34  Grooved Spines  
  71  8:37  Hydralisk  
  71  8:38  Hydralisk x3  
  79  8:48  Queen x2  
  81  8:55  Spore Crawler  
  82  8:57  Drone  
  82  8:58  Drone x4  
  87  9:05  Hydralisk  
  87  9:06  Hydralisk  
  91  9:15  Extractor  
  90  9:18  Extractor, Drone x2  
  91  9:25  Drone x4  
  91  9:30  Zerg Ground Armor Level 1  
  95  9:33  Hatchery  
  95  9:34  Evolution Chamber  
  93  9:40  Drone x4  
  93  9:41  Drone x2  
  99  9:58  Hydralisk  
  99  9:59  Hydralisk x2  
  105  10:01  Overlord x3  
  105  10:02  Overlord  
  105  10:13  Zerg Missile Weapons Level 2  
  105  10:14  Glial Reconstitution  
  105  10:21  Infestation Pit  
  104  10:33  Drone x2  
  104  10:34  Drone x7  
  104  10:35  Drone x2, Overlord  
  115  10:39  Drone x4  
  115  10:40  Drone  
  120  10:53  Hydralisk  
  120  10:54  Hydralisk x4  
  130  11:00  Muscular Augments  
  130  11:03  Hive, Spore Crawler  
  129  11:23  Drone x4  
  129  11:24  Drone x11  
  144  11:37  Overlord x2  
  144  11:38  Overlord x4  
  144  11:50  Zerg Ground Armor Level 2  
  144  11:54  Hatchery  
  144  11:56  Hydralisk  
  144  11:57  Hydralisk x7  
  159  12:21  Hydralisk  
  159  12:22  Hydralisk x13  
  181  12:35  Hydralisk x5  
  181  12:36  Hydralisk x2  
  185  12:58  Extractor  
  184  13:03  Extractor  
  183  13:17  Extractor x2  
  181  13:35  Hydralisk  
  181  13:36  Hydralisk x7  
  197  14:00  Lurker Den  
  196  14:03  Spire  
Tags
 
Add a new tag
Caveats
  • Supply blocks, unpowered buildings, or Contaminate may cause inaccurate times.
  • Supply counts are checked every 10 seconds.